 Dungeon Crawl Stone Soup version 0.30-b1-2-g02819fbbbe (webtiles) character file.

Game seed: 1997034882782611609

51 Metae the Covered (level 3, 0/33 HPs)
             Began as a Minotaur Fighter on July 1, 2023.
             Slain by a rat (2 damage)
             ... on level 2 of the Dungeon.
             The game lasted 00:01:38 (677 turns).

Metae the Covered (Minotaur Fighter)                 Turns: 677, Time: 00:01:39

Health: 0/33       AC:  7    Str: 22    XL:     3   Next: 58%
Magic:  2/2        EV:  9    Int:  5    God:
Gold:   47         SH:  9    Dex:  9    Spells: 2/2 levels left

rFire   . . .        a - +0 rapier
rCold   . . .        c - +0 buckler
rNeg    . . .        b - +0 scale mail
rPois   .            (helmet restricted)
rElec   .            (no cloak)
rCorr   .            (no gloves)
SInv    .            (no boots)
Will    .....        e - amulet of reflection Stlth
                     (no ring)
HPRegen 0.25/turn    (no ring)
MPRegen 0.08/turn

%: reflection
@: no status effects
A: horns 2, retaliatory headbutt
a: no special abilities


You were on level 2 of the Dungeon.
You visited 1 branch of the dungeon, and saw 2 of its levels.

You collected 47 gold pieces.

Inventory:

Hand Weapons
 a - a +0 rapier (weapon)
Armour
 b - a +0 scale mail (worn)
 c - a +0 buckler (worn)
Jewellery
 e - an amulet of reflection (around neck)
Scrolls
 f - a scroll of vulnerability {unknown}
 g - a scroll of teleportation {unknown}
 h - a scroll of enchant armour {unknown}
Potions
 d - a potion of might
 i - a potion of mutation {unknown}


   Skills:
 + Level 4.1 Fighting
 + Level 2.8 Short Blades
 + Level 4.1 Armour
 + Level 1.3 Dodging
 + Level 4.1 Shields


You had 2 spell levels left.
You didn't know any spells.
Your spell library was empty.

Dungeon Overview and Level Annotations

Branches:
Dungeon (2/15)

Altars:

Shops:
D:1 !


Innate Abilities, Weirdness & Mutations

You have a pair of horns on your head.
You reflexively headbutt those who attack you in melee.


Message History

You block the endoplasm's attack. The rat barely misses you.
You block the rat's attack. The hobgoblin barely misses you.
You barely miss the rat. Your headbutt misses the rat.
The rat is moderately wounded.
You block the endoplasm's attack.
The rat bites you but does no damage. x2
The hobgoblin barely misses you. The hobgoblin hits you.
You block the endoplasm's attack. The rat barely misses you.
You furiously retaliate!
You headbutt the rat!
You kill the rat!
The rat twitches its whiskers.
The rat bites you.
You hit the rat but do no damage.
The rat is moderately wounded.
You block the hobgoblin's attack. The rat bites you but does no damage.
The endoplasm hits you but does no damage.
You barely miss the hobgoblin. Your headbutt misses the hobgoblin.
The hobgoblin hits you but does no damage.
You block the rat's attack. The endoplasm freezes you.
You are frozen.
* * * LOW HITPOINT WARNING * * *
You hit the hobgoblin.
The hobgoblin is lightly wounded.
You block the rat's attack. The hobgoblin barely misses you.
The endoplasm hits you.
* * * LOW HITPOINT WARNING * * *
You block the endoplasm's attack.
You hit the hobgoblin but do no damage.
The hobgoblin is lightly wounded.
You block the hobgoblin's attack.
The endoplasm hits you but does no damage.
The rat barely misses you. The hobgoblin attacks as you move away!
The hobgoblin hits you.
* * * LOW HITPOINT WARNING * * *
The rat attacks as you move away! The rat bites you but does no damage.
The rat attacks as you move away! You block the rat's attack.
The hobgoblin attacks as you move away!
The hobgoblin hits you but does no damage.
The rat attacks as you move away! The rat bites you.
You die...

###############
####.............#
##................#
.........[........#
..................#
.........>.........
........r.†........
.......@g..<.......
.....###J.....>....
##. +...........
#...........
..###........ ##.
......... #.
......... #.
..######.


You could see an endoplasm, a hobgoblin and a rat.

Vanquished Creatures
  A gnoll (D:1)
  An adder (D:2)
  3 ball pythons (D:1)
  3 endoplasms (D:1)
  2 giant cockroaches (D:1)
  A goblin (D:1)
  2 hobgoblins (D:1)
  4 jackals (D:1)
  4 kobolds (D:1)
  A quokka (D:1)
  5 bats (D:1)
  A frilled lizard (D:1)
  A rat (D:2)
29 creatures vanquished.

Vanquished Creatures (others)
  2 plants (D:1)
2 creatures vanquished.

Grand Total: 31 creatures vanquished

Notes
Turn   | Place    | Note
-------+----------+-------------------------------------------
     0 | D:1      | Metae the Minotaur Fighter began the quest for the Orb.
     0 | D:1      | Reached XP level 1. HP: 19/19 MP: 0/0
    72 | D:1      | Reached XP level 2. HP: 27/27 MP: 1/1
   129 | D:1      | Reached skill level 1 in Dodging
   317 | D:1      | Reached XP level 3. HP: 33/33 MP: 2/2
   338 | D:1      | Found Upnin's Distillery.
   677 | D:2      | Slain by a rat

Illustrated notes

Levels and vault maps discovered:
D:1:      dpeg_arrival_signposts, layout_rooms, serial_shops,
          nicolae_square_shop, serial_bayou_lake_a
D:2:      layout_basic, minmay_tiny_reverse_x

Skill      XL: |  1  2  3 |
---------------+----------+-----
Dodging        | 1 |  1.3
Armour         | 4 |  4.1
Fighting       | 4 |  4.1
Shields        | 4 |  4.1
Short Blades   | |  2.8

Action                     || total
---------------------------++-------
  Melee: Rapier            ||    94
         Headbutt          ||    10
 Armour: Scale mail        ||    63
  Dodge: Dodged            ||    66
  Block: Buckler           ||    70
